 Dungeon Crawl Stone Soup version 0.27-a0-522-g46bbb28828 (webtiles) character file.

Game seed: 16955036930631524085

169 wakim the Sneak (level 5, -4/33 HPs)
             Began as an Octopode Transmuter on Mar 3, 2021.
             Was a Believer of Jiyva.
             Killed by divine providence
             ... invoked by an orc priest
              (13 damage)
             ... on level 3 of the Dungeon on Mar 4, 2021.
             The game lasted 00:11:53 (2689 turns).

wakim the Sneak (Octopode Transmuter)               Turns: 2689, Time: 00:11:53

Health: -4/33      AC:  5    Str: 10    XL:     5   Next: 50%
Magic:  8/8        EV: 13    Int: 16    God:    Jiyva [**....]
Gold:   86         SH:  0    Dex: 12    Spells: 7/8 levels left

rFire    . . .     SeeInvis .   a - +0 short sword (freeze)
rCold    . . .     Faith    .   (no shield)
rNeg     + . .     Spirit   .   (helmet currently unavailable)
rPois    .         Reflect  .   (no amulet)
rElec    .         Harm     .   c - ring of positive energy
rCorr    .         Rampage  .   g - +4 ring of protection
Will     .....                  (no ring)
Stlth    ++++......             (no ring)
HPRegen  0.11/turn              (no ring)
MPRegen  0.11/turn              (no ring)
                                (no ring)
                                (no ring)

@: appendages (expiring)
A: almost no armour, amphibious, 8 rings, constrict 8, tentacle spike 3,
camouflage 1, gelatinous body 1, nimble swimmer 1
a: End Transformation, Renounce Religion, Request Jelly


You were on level 3 of the Dungeon.
You worshipped Jiyva.
Jiyva was pleased with you.
One of your tentacles had a temporary spike.
You visited 1 branch of the dungeon, and saw 3 of its levels.

You collected 86 gold pieces.

Inventory:

Hand Weapons
 a - a +0 short sword of freezing (weapon)
 b - a +0 hunting sling
Missiles
 i - 38 sling bullets
Armour
 l - a +0 hat (melded)
Jewellery
 c - a ring of positive energy (left tentacle)
 g - a +4 ring of protection (right tentacle)
Wands
 k - a wand of charming (7)
Scrolls
 d - 3 scrolls of identify
 m - a scroll of amnesia
Potions
 h - a potion of resistance
 n - a potion of attraction {unknown}


   Skills:
 - Level 1.0 Fighting
 - Level 2.0 Dodging
 - Level 5.0 Stealth
 - Level 3.0 Unarmed Combat
 - Level 2.0 Spellcasting
 + Level 4.1 Transmutations


You had 7 spell levels left.
You knew the following spells:

 Your Spells              Type           Power        Failure   Level
a - Beastly Appendage     Tmut           28%          3%          1

Your spell library contained the following spells:

 Spells                   Type           Power        Failure   Level
 Wereblood                Tmut           14%          5%          2
 Spider Form              Tmut/Pois      4%           26%         3
 Ice Form                 Ice/Tmut       8%           65%         4
 Blade Hands              Tmut           7%           71%         5


Dungeon Overview and Level Annotations

Branches:
Dungeon (3/15)

Altars:
Fedhas
Jiyva


Innate Abilities, Weirdness & Mutations

You cannot wear most types of armour.
You are amphibious.
You can wear up to eight rings at the same time.
You can use your tentacles to constrict eight enemies at once.
Your skin changes colour to match your surroundings (Stealth+).
Your rubbery body absorbs attacks. (AC +1, EV +1)
You are stealthy while swimming. (Stealth+)
One of your tentacles bears a large vicious spike.


Message History

Your grab misses the orc wizard.
You pierce the orc wizard.
The orc wizard is lightly wounded.
You hear a distant slurping noise.
An orc priest comes into view. It is wielding a +0 hand axe.
You hear a slurping noise.
The orc wizard misses you. The orc misses you.
The orc wizard barely misses you. The orc closely misses you.
You hear a distant slurping noise.
Jiyva appreciates your sacrifice. x2
You hear a distant slurping noise. x2
You barely miss the orc. You grab the orc.
Your transformation is almost over.
You constrict the orc.
The orc hits you with a +1 hand axe of flaming.
The orc burns you.
You hear a distant slurping noise.
You barely miss the orc.
The orc is lightly wounded.
You constrict the orc.
The orc hits you with a +1 hand axe of flaming!
The orc burns you.
You hear a distant slurping noise.
Jiyva appreciates your sacrifice.
The orc wizard gestures at itself while chanting.
The orc wizard flickers and vanishes!
Deactivating autopickup; reactivate with Ctrl-A.
You hear a distant slurping noise.
The orc priest shouts!
You hit the orc but do no damage.
The orc is heavily wounded.
You constrict the orc.
You hear an angry hiss.
The orc hits you with a +1 hand axe of flaming.
* * * LOW HITPOINT WARNING * * *
The orc burns you.
* * * LOW HITPOINT WARNING * * *
The orc priest invokes the aid of Beogh against you.
Beogh smites you!
You die...

#### ##.#### #....[...... .. ..#
#.....# #........... .... #.#
#...........##......
....#####.###...#.###...#.......
.............o..#.# #.).##....##
..........o(..)<#.###...##.#..#
o...........(.{o......#..#....#
.........J(.###o#......).#.####
.......)....# #@#.####.....#
.......J....# #.#..........#
...)...(....# ### ####....>#
.....(......# #....##
............# #†...#
...(......(.# ####....#
............#######.......#
....#######...............# ....
#...♣...........#


You could see an orc priest and 2 orcs.

Vanquished Creatures
  An orc priest (D:3)
  4 adders
  A worm (D:2)
  A dart slug (D:1)
  3 leopard geckos (D:1)
  5 orcs
  3 ball pythons
  4 giant cockroaches
  13 goblins
  10 hobgoblins
  9 jackals
  9 kobolds
  3 quokkas
  5 bats
  5 frilled lizards
  6 rats
82 creatures vanquished.

Vanquished Creatures (others)
  An orc wizard (D:3)
  An orc (D:3)
  A kobold (D:3)
  5 fungi (D:2)
  3 plants (D:2)
11 creatures vanquished.

Grand Total: 93 creatures vanquished

Notes
Turn   | Place    | Note
-------+----------+-------------------------------------------
     0 | D:1      | wakim the Octopode Transmuter began the quest for the Orb.
     0 | D:1      | Reached XP level 1. HP: 13/13 MP: 3/3
    28 | D:1      | Reached skill level 1 in Stealth
   125 | D:1      | Reached skill level 2 in Stealth
   128 | D:1      | Reached XP level 2. HP: 16/18 MP: 3/5
   279 | D:1      | Reached skill level 3 in Stealth
   514 | D:1      | Reached XP level 3. HP: 23/23 MP: 6/6
   540 | D:1      | Reached skill level 4 in Stealth
  1250 | D:2      | Reached skill level 5 in Stealth
  1328 | D:2      | Reached XP level 4. HP: 25/28 MP: 7/7
  1668 | D:2      | Found a blossoming altar of Fedhas.
  2256 | D:2      | Upgraded the game from 0.27-a0-512-g57cc695410 to
                  | 0.27-a0-522-g46bbb28828
  2409 | D:3      | Reached XP level 5. HP: 30/33 MP: 8/8
  2484 | D:3      | Found a faded altar of an unknown god.
  2492 | D:3      | Became a worshipper of Jiyva Jerimann the Shapeless
  2492 | D:3      | Reached * piety under Jiyva
  2667 | D:2      | Reached ** piety under Jiyva
  2689 | D:3      | Killed from afar by an orc priest

Illustrated notes

Levels and vault maps discovered:
D:1:      roderic_octagonal_star, layout_loops_ring, minmay_small_reverse_x
D:2:      layout_basic, corexii_corridor_pit, fedhas_altar_3
D:3:      layout_basic, portal_sewer_entry_b,
          chequers_ecumenical_altar_simple_redux, hex_large, minmay_cut_off

Skill      XL: |  1  2  3  4  5 |
---------------+----------------+-----
Stealth        | 2 3 5 |  5.0
Transmutations | 3 4 |  4.1
Fighting       | |  1.0
Dodging        | |  2.0
Unarmed Combat | |  3.0
Spellcasting   | |  2.0

Action                   |  1- 3 |  4- 6 || total
-------------------------+-------+-------++-------
Melee: Unarmed           |    64 |       ||    64
       Constrict         |    25 |    20 ||    45
       Kick              |    16 |    16 ||    32
       Tentacles         |    10 |    10 ||    20
       Short sword       |    12 |    75 ||    87
 Fire: Hunting sling     |    14 |    37 ||    51
 Cast: Beastly Appendage |    25 |    14 ||    39
  Use: Scroll            |       |     5 ||     5
 Stab: Sleeping          |     6 |     2 ||     8
Armor: Skin              |    10 |    28 ||    38
Dodge: Dodged            |    31 |    55 ||    86

Table legend: (Time is in decaauts)
 A = Elapsed time spent in this place.
 B = Non-inter-level travel time spent in this place.
 C = Inter-level travel time spent in this place.
 D = Time resting spent in this place.
 E = Time spent auto-exploring this place.
 F = Levels seen in this place.
 G = Mean time per level.
                   A        B        C        D        E       F      G
               +--------+--------+--------+--------+--------+-----+--------+
         Total |   2695 |   2607 |     88 |    750 |   1139 |   3 |  898.3 |
       Dungeon |   2695 |   2607 |     88 |    750 |   1139 |   3 |  898.3 |
               +--------+--------+--------+--------+--------+-----+--------+

Top non-repeatable levels by time:
     D:2: 1338 daAuts
     D:1: 1165 daAuts
     D:3: 191 daAuts
